AoeStats
← Whitebear

Nomad

510827110Analyzed
2v2 RM · 10h ago on Oct 2, 2026· 44m 12s· 4 players
Game mode
Random Map
Map size
176×176
Population
200
Speed
Normal
Resources
Standard
Victory
Conquest
Starting age
Dark Age
Ending age
Imperial Age
RankedLock teamsTeams togetherTeam positionsShared explorationLock speedFull tech treeHidden civsTurbo modeCheats
Victory
Defeat
🇸🇰 Italians · Slovakia
1347
+14
🇪🇸 Berbers · Spain
1343
+14
🇨🇦 Saxons · Canada
1324
-15
🇩🇪 Varangians · Germany
1273
-13
FreeHugs
4:48 Loom
12:53 Feudal Age
13:35 Double-Bit Axe
15:56 Fletching
21:31 Castle Age
20:18 Gold Mining
21:23 Stone Mining
27:44 Horse Collar
29:05 Heavy Plow
32:22 Bloodlines
39:23 Imperial Age
37:30 Wheelbarrow
37:49 Gold Shaft Mining
38:13 Bow Saw
38:30 Husbandry
39:09 Ballistics
39:39 Bodkin Arrow
39:45 Padded Archer Armor
41:53 Hand Cart
41:15 Light Cavalry
42:56 Bracer
44:08 Forging
44:03 Scale Barding Armor
sodsojf
5:07 Loom
14:44 Feudal Age
15:20 Double-Bit Axe
19:50 Castle Age
18:16 Gold Mining
18:08 Horse Collar
20:16 Wheelbarrow
20:48 Medium Warships
20:29 Fishing Lines
21:11 Bow Saw
21:31 Forging
22:23 Heavy Plow
24:00 Stone Mining
25:46 Fletching
27:21 Gillnets
28:16 Town Watch
29:06 Careening
31:45 Hand Cart
32:34 Ballistics
34:08 Bodkin Arrow
38:47 Imperial Age
36:01 Treadmill Crane
36:31 Masonry
36:35 Padded Archer Armor
37:58 Murder Holes
38:39 Leather Archer Armor
38:30 Squires
40:17 Bracer
39:49 Capped Ram
41:38 Two-Man Saw
41:32 Conscription
42:18 Thumb Ring
43:37 Ring Archer Armor
43:12 Scale Barding Armor
44:15 Bloodlines
44:06 Husbandry
43:27 Light Cavalry
44:43 Iron Casting
43:56 Elite Genoese Crossbowman
Timparrussa
5:28 Loom
12:21 Feudal Age
14:53 Double-Bit Axe
20:14 Castle Age
18:55 Fishing Lines
19:49 Fletching
20:22 Gold Mining
21:16 Medium Warships
20:46 Fishing Lines
24:01 Bow Saw
24:53 Bodkin Arrow
29:47 Horse Collar
29:52 Fishing Lines
31:14 Ballistics
32:04 Careening
32:12 Careening
32:23 Clinker Construction
33:49 Careening
40:53 Imperial Age
40:29 Gillnets
41:33 Masonry
43:46 Bracer
43:47 Padded Archer Armor
Whitebear
4:43 Loom
14:08 Feudal Age
14:41 Town Watch
14:53 Double-Bit Axe
15:24 Gold Mining
17:43 Fishing Lines
23:02 Castle Age
21:10 Stone Mining
21:40 Fletching
23:37 Bodkin Arrow
23:35 Horse Collar
26:42 Gillnets
28:20 Bow Saw
28:18 Crossbowman
31:05 Wheelbarrow
31:35 Medium Warships
31:56 Scale Mail Armor
33:07 Sanctity
33:43 Forging
34:01 Chain Mail Armor
35:32 Forging
39:21 Iron Casting
40:42 Padded Archer Armor
44:52 Imperial Age
Connection lost

Rejoining the realm…

Still unreachable

The connection could not be restored.

Session expired

The server has moved on; the page needs a fresh start.